DSL
DSL PHILADELPHIA PHILLIES @ DSL DETROIT TIGERS
05/04/2042
 
TOP OF THE 1ST
DSL Philadelphia Phillies batting - Pitching for DSL Detroit Tigers : LHP Norberto Gámez
Pitching: LHP Norberto Gámez
Batting: RHB Jonathan Taylor 0-0: Ball
1-0: Called Strike
1-1: Ball
2-1: Called Strike
2-2: Strikes out swinging
Batting: LHB Jorge Elías 0-0: Ball
1-0: Ball
2-0: Foul Ball, location: 25F
2-1: Ball
3-1: Base on Balls
Batting: RHB Juan Alifonso 0-0: Ball
Wild Pitch!
Jorge Elías to second
1-0: Ball
2-0: Ball
3-0: Called Strike
3-1: Swinging Strike
3-2: Base on Balls
Batting: RHB Ron Parsons 0-0: Called Strike
0-1: Ball
1-1: Foul Ball, location: 25FF
1-2: Strikes out looking
Batting: LHB Uolevi Jokela 0-0: Ball
1-0: Swinging Strike
1-1: Called Strike
1-2: Strikes out swinging
Top of the 1st over - 0 runs, 0 hits, 0 errors, 2 left on base; DSL Philadelphia 0 - DSL Detroit 0
BOTTOM OF THE 1ST
DSL Detroit Tigers batting - Pitching for DSL Philadelphia Phillies : RHP Ernesto Segura
Pitching: RHP Ernesto Segura
Batting: RHB Leonardo Sánchez 0-0: Fly out, F5 (Popup, 5SF, EV 80.6 MPH)
Batting: LHB Pat McGrath 0-0: Ball
1-0: Ball
2-0: Ball
3-0: Called Strike
3-1: Swinging Strike
3-2: Foul Ball, location: 2F
3-2: Strikes out swinging
Batting: LHB Jerry Brewer 0-0: Ball
1-0: Ball
2-0: Ball
3-0: Called Strike
3-1: Foul Ball, location: 5FF
3-2: Base on Balls
Batting: LHB Juan Román 0-0: Ball
1-0: Foul Ball, location: 5F
1-1: Ball
2-1: Ball
3-1: Base on Balls
Jerry Brewer to second
Batting: SHB Luis Rodríguez 0-0: Ball
1-0: Called Strike
1-1: Fly out, F8 (Flyball, 8LD, EV 101.3 MPH)
Bottom of the 1st over - 0 runs, 0 hits, 0 errors, 2 left on base; DSL Philadelphia 0 - DSL Detroit 0
TOP OF THE 2ND
DSL Philadelphia Phillies batting - Pitching for DSL Detroit Tigers : LHP Norberto Gámez
Batting: RHB Andy Cartegena 0-0: Ball
1-0: Swinging Strike
1-1: Ball
2-1: Called Strike
2-2: SOLO HOME RUN (Flyball, 7LD, EV 90.0 MPH), Distance : 339 ft
Batting: RHB Ljuba Jevtic 0-0: Called Strike
0-1: Ball
1-1: Swinging Strike
1-2: Foul Ball, location: 9LMF
1-2: Ball
2-2: Strikes out swinging
Batting: LHB Jeff King 0-0: Foul Ball, location: 2F
0-1: Ball
1-1: Foul Ball, location: 3FF
1-2: Foul Ball, location: 9LSF
1-2: Ball
2-2: Strikes out swinging
Batting: LHB Jim Unknown 0-0: Fly out, F9 (Flyball, 9LM, EV 106.9 MPH)
Top of the 2nd over - 1 run, 1 hit, 0 errors, 0 left on base; DSL Philadelphia 1 - DSL Detroit 0
BOTTOM OF THE 2ND
DSL Detroit Tigers batting - Pitching for DSL Philadelphia Phillies : RHP Ernesto Segura
Batting: LHB José García 0-0: Foul Ball, location: 5FF
0-1: Ball
1-1: Called Strike
1-2: Foul Ball, location: 2F
1-2: Foul Ball, location: 9LSF
1-2: Strikes out swinging
Batting: RHB César Mendoza 0-0: Ball
1-0: Called Strike
1-1: Foul Ball, location: 2F
1-2: Strikes out swinging
Batting: RHB Steve McKee 0-0: Called Strike
0-1: Called Strike
0-2: Strikes out swinging
Bottom of the 2nd over - 0 runs, 0 hits, 0 errors, 0 left on base; DSL Philadelphia 1 - DSL Detroit 0
TOP OF THE 3RD
DSL Philadelphia Phillies batting - Pitching for DSL Detroit Tigers : LHP Norberto Gámez
Batting: RHB Jonathan Taylor 0-0: Swinging Strike
0-1: Ball
1-1: Called Strike
1-2: Ball
2-2: Strikes out swinging
Batting: LHB Jorge Elías 0-0: Foul Ball, location: 2F
0-1: Foul Ball, location: 5F
0-2: Strikes out swinging
Batting: RHB Juan Alifonso 0-0: SOLO HOME RUN (Flyball, 7LD, EV 90.6 MPH), Distance : 336 ft
Batting: RHB Ron Parsons 0-0: Called Strike
0-1: Foul Ball, location: 23FF
0-2: Strikes out looking
Top of the 3rd over - 1 run, 1 hit, 0 errors, 0 left on base; DSL Philadelphia 2 - DSL Detroit 0
BOTTOM OF THE 3RD
DSL Detroit Tigers batting - Pitching for DSL Philadelphia Phillies : RHP Ernesto Segura
Batting: RHB Ludovic Riano 0-0: Foul Ball, location: 2F
0-1: Called Strike
0-2: Foul Ball, location: 25F
0-2: Foul Ball, location: 3F
0-2: Ball
1-2: Strikes out looking
Batting: RHB Leonardo Sánchez 0-0: Ball
1-0: Foul Ball, location: 9LMF
1-1: Ball
2-1: Ball
3-1: Foul Ball, location: 2F
3-2: Foul Ball, location: 2F
3-2: Base on Balls
Batting: LHB Pat McGrath 0-0: Called Strike
Leonardo Sánchez steals 2nd base
0-1: Ball
1-1: Ball
2-1: Ball
3-1: Base on Balls
Batting: LHB Jerry Brewer 0-0: Called Strike
Leonardo Sánchez steals 3rd base
0-1: Ball
1-1: Called Strike
1-2: Ball
2-2: Foul Ball, location: 7LDF
2-2: Foul Ball, location: 2F
2-2: Fly out, F4 (Popup, 4, EV 50.0 MPH)
Batting: LHB Juan Román 0-0: Called Strike
0-1: Foul Ball, location: 2F
0-2: Foul Ball, location: 2F
0-2: Ball
1-2: Ball
2-2: Ball
3-2: Base on Balls
Pat McGrath to second
Batting: SHB Luis Rodríguez 0-0: Called Strike
0-1: DOUBLE (Flyball, 8RD, EV 91.9 MPH)
Leonardo Sánchez scores
Pat McGrath scores
Juan Román to third
Runner from 3rd tries for Home, SAFE, throw by CF to trailing runner, SAFE at third!
Batting: LHB José García 0-0: Ball
1-0: Ball
2-0: Ball
3-0: Base on Balls
Batting: RHB César Mendoza 0-0: Ball
1-0: Called Strike
1-1: Called Strike
José García steals 2nd base
1-2: Strikes out swinging
Bottom of the 3rd over - 3 runs, 1 hit, 0 errors, 2 left on base; DSL Philadelphia 2 - DSL Detroit 3
TOP OF THE 4TH
DSL Philadelphia Phillies batting - Pitching for DSL Detroit Tigers : LHP Norberto Gámez
Batting: LHB Uolevi Jokela 0-0: Ball
1-0: Called Strike
1-1: Ball
2-1: Swinging Strike
2-2: Strikes out swinging
Batting: RHB Andy Cartegena 0-0: Ball
1-0: Foul Ball, location: 3DF
1-1: DOUBLE (Groundball, 5L, EV 101.9 MPH)
Batting: RHB Ljuba Jevtic 0-0: Called Strike
0-1: Swinging Strike
0-2: Foul Ball, location: 2F
0-2: Ball
1-2: Ball
2-2: Foul Ball, location: 3SF
2-2: Strikes out swinging
Batting: LHB Jeff King 0-0: Called Strike
0-1: Ball
1-1: Ball
2-1: Foul Ball, location: 3FF
2-2: Strikes out swinging
Top of the 4th over - 0 runs, 1 hit, 0 errors, 1 left on base; DSL Philadelphia 2 - DSL Detroit 3
BOTTOM OF THE 4TH
DSL Detroit Tigers batting - Pitching for DSL Philadelphia Phillies : RHP Ernesto Segura
Batting: RHB Steve McKee 0-0: Called Strike
0-1: Foul Ball, location: 9LDF
0-2: Fly out, F3 (Popup, 34, EV 72.5 MPH)
Pitching: LHP Ric Lubiani
Batting: RHB Ludovic Riano 0-0: Called Strike
0-1: Swinging Strike
0-2: Strikes out swinging
Batting: RHB Leonardo Sánchez 0-0: Foul Ball, location: 9LSF
0-1: Ball
1-1: Foul Ball, location: 9LDF
1-2: Foul Ball, location: 9LDF
1-2: Foul Ball, location: 9LMF
1-2: Ball
2-2: Foul Ball, location: 2F
2-2: Foul Ball, location: 5F
2-2: Foul Ball, location: 2F
2-2: DOUBLE (Flyball, 89D, EV 102.5 MPH)
Batting: LHB Pat McGrath 0-0: Foul Ball, location: 3F
0-1: Ball
1-1: Swinging Strike
1-2: Strikes out looking
Bottom of the 4th over - 0 runs, 1 hit, 0 errors, 1 left on base; DSL Philadelphia 2 - DSL Detroit 3
TOP OF THE 5TH
DSL Philadelphia Phillies batting - Pitching for DSL Detroit Tigers : LHP Norberto Gámez
Batting: LHB Jim Unknown 0-0: Called Strike
0-1: Foul Ball, location: 5SF
0-2: SINGLE (Line Drive, 56D, EV 95.6 MPH)
Batting: RHB Jonathan Taylor 0-0: Called Strike
0-1: Called Strike
0-2: Grounds into double play, 4-6-3 (Groundball, 34, EV 100.6 MPH)
Batting: LHB Jorge Elías 0-0: Ball
1-0: Ground out 6-3 (Groundball, 6, EV 85.0 MPH)
Top of the 5th over - 0 runs, 1 hit, 0 errors, 0 left on base; DSL Philadelphia 2 - DSL Detroit 3
BOTTOM OF THE 5TH
DSL Detroit Tigers batting - Pitching for DSL Philadelphia Phillies : LHP Ric Lubiani
Batting: LHB Jerry Brewer 0-0: Ball
1-0: Ball
2-0: Called Strike
2-1: Fly out, F7 (Flyball, 7D, EV 96.3 MPH)
Batting: LHB Juan Román 0-0: Ball
1-0: Ball
2-0: Called Strike
2-1: Called Strike
2-2: Ground out U3 (Groundball, 34, EV 110.6 MPH)
Batting: SHB Luis Rodríguez 0-0: Foul Ball, location: 9LDF
0-1: Foul Ball, location: 2F
0-2: Foul Ball, location: 9LSF
0-2: Strikes out looking
Bottom of the 5th over - 0 runs, 0 hits, 0 errors, 0 left on base; DSL Philadelphia 2 - DSL Detroit 3
TOP OF THE 6TH
DSL Philadelphia Phillies batting - Pitching for DSL Detroit Tigers : LHP Norberto Gámez
Batting: RHB Juan Alifonso 0-0: Ball
1-0: Ball
2-0: Foul Ball, location: 7LDF
2-1: Ball
3-1: SINGLE (Groundball, 4MD, EV 106.9 MPH)
Batting: RHB Ron Parsons 0-0: Ball
Juan Alifonso steals 2nd, throwing error, E2
Juan Alifonso to third
1-0: Foul Ball, location: 2F
1-1: Ball
2-1: Swinging Strike
2-2: Foul Ball, location: 2F
2-2: Strikes out swinging
Pitching: RHP Sjelle Overgaag
Batting: LHB Uolevi Jokela 0-0: Ball
1-0: Ball
2-0: Ball
3-0: Called Strike
3-1: Base on Balls
Batting: RHB Andy Cartegena 0-0: Called Strike
0-1: Foul Ball, location: 5FF
0-2: Strikes out looking
Pinch Hitting: LHB Jim Unknown 0-0: Ball
1-0: DOUBLE (Flyball, 78D, EV 88.8 MPH)
Juan Alifonso scores
Uolevi Jokela to third
Runner from 3rd tries for Home, SAFE, no throw by LF
Batting: LHB Jeff King 0-0: Ball
1-0: Ball
2-0: Called Strike
2-1: Foul Ball, location: 23F
2-2: Strikes out swinging
Top of the 6th over - 2 runs, 2 hits, 1 error, 1 left on base; DSL Philadelphia 4 - DSL Detroit 3
BOTTOM OF THE 6TH
DSL Detroit Tigers batting - Pitching for DSL Philadelphia Phillies : LHP Ric Lubiani
Now in RF: Jim Unknown
Pinch Hitting: RHB Geoff Burton 0-0: Ground out 6-3 (Groundball, 6M, EV 98.1 MPH)
Batting: RHB César Mendoza 0-0: DOUBLE (Line Drive, 5D, EV 95.6 MPH)
Batting: RHB Steve McKee 0-0: Swinging Strike
0-1: Ball
1-1: Ball
2-1: Ball
3-1: Base on Balls
Pinch Hitting: LHB Miguel Angel Rosales 0-0: Called Strike
0-1: Swinging Strike
0-2: Ball
1-2: Strikes out swinging
Batting: RHB Leonardo Sánchez 0-0: Swinging Strike
0-1: Foul Ball, location: 9LSF
0-2: Ball
1-2: Ball
2-2: Ball
3-2: Base on Balls
César Mendoza to third
Steve McKee to second
Pitching: RHP António Márquez
Batting: LHB Pat McGrath 0-0: Ball
1-0: Called Strike
1-1: Ball
2-1: Ball
3-1: Swinging Strike
3-2: Base on Balls
César Mendoza scores
Steve McKee to third
Leonardo Sánchez to second
Batting: LHB Jerry Brewer 0-0: Called Strike
0-1: Fly out, F8 (Flyball, 89M, EV 92.5 MPH)
Bottom of the 6th over - 1 run, 1 hit, 0 errors, 3 left on base; DSL Philadelphia 4 - DSL Detroit 4
TOP OF THE 7TH
DSL Philadelphia Phillies batting - Pitching for DSL Detroit Tigers : RHP Sjelle Overgaag
Now at 2B: Pepe Martínez
Now at 3B: Leonardo Sánchez
Now at SS: Geoff Burton
Batting: LHB Jim Unknown 0-0: Called Strike
0-1: Swinging Strike
0-2: Foul Ball, location: 5FF
0-2: Strikes out looking
Batting: RHB Jonathan Taylor 0-0: Foul Ball, location: 9LSF
0-1: Foul Ball, location: 3FF
0-2: SINGLE (Groundball, 34D, EV 106.3 MPH)
Batting: LHB Jorge Elías 0-0: Ball
1-0: Ball
2-0: Called Strike
2-1: Ball
3-1: Foul Ball, location: 5F
3-2: Foul Ball, location: 2F
3-2: 2-RUN HOME RUN (Flyball, 7D, EV 95.0 MPH), Distance : 363 ft
Pitching: RHP Vern Greene
Batting: RHB Juan Alifonso 0-0: Ball
1-0: Called Strike
1-1: Foul Ball, location: 2LF
1-2: Strikes out swinging
Batting: RHB Ron Parsons 0-0: Ball
1-0: Foul Ball, location: 9LDF
1-1: Fly out, F8 (Flyball, 8LXD, EV 102.5 MPH)
Top of the 7th over - 2 runs, 2 hits, 0 errors, 0 left on base; DSL Philadelphia 6 - DSL Detroit 4
BOTTOM OF THE 7TH
DSL Detroit Tigers batting - Pitching for DSL Philadelphia Phillies : RHP António Márquez
Batting: LHB Juan Román 0-0: Fly out, F8 (Flyball, 8LXD, EV 97.5 MPH)
Batting: SHB Luis Rodríguez 0-0: Swinging Strike
0-1: Foul Ball, location: 2F
0-2: Ground out 6-3 (Groundball, 6, EV 104.4 MPH)
Batting: RHB Geoff Burton 0-0: Ball
1-0: Swinging Strike
1-1: Ball
2-1: Called Strike
2-2: Ball
3-2: Strikes out swinging
Bottom of the 7th over - 0 runs, 0 hits, 0 errors, 0 left on base; DSL Philadelphia 6 - DSL Detroit 4
TOP OF THE 8TH
DSL Philadelphia Phillies batting - Pitching for DSL Detroit Tigers : RHP Vern Greene
Batting: LHB Uolevi Jokela 0-0: Ball
1-0: Swinging Strike
1-1: Foul Ball, location: 5F
1-2: Strikes out looking
Batting: RHB Andy Cartegena 0-0: Ball
1-0: Ball
2-0: Foul Ball, location: 2F
2-1: Ball
3-1: Base on Balls
Batting: RHB Jim Unknown 0-0: SINGLE (Line Drive, 78S, EV 110.6 MPH)
Andy Cartegena to second
Batting: LHB Jeff King 0-0: SINGLE (Line Drive, 6D, EV 109.4 MPH)
Andy Cartegena to third
Jim Unknown to second
Batting: LHB Jim Unknown 0-0: Ball
1-0: Ball
Wild Pitch!
Andy Cartegena scores
Jim Unknown to third
Jeff King to second
2-0: Swinging Strike
2-1: Swinging Strike
2-2: Ball
3-2: Strikes out swinging
Batting: RHB Jonathan Taylor 0-0: Ball
1-0: Swinging Strike
1-1: Ball
2-1: Called Strike
2-2: Strikes out looking
Top of the 8th over - 1 run, 2 hits, 0 errors, 2 left on base; DSL Philadelphia 7 - DSL Detroit 4
BOTTOM OF THE 8TH
DSL Detroit Tigers batting - Pitching for DSL Philadelphia Phillies : RHP António Márquez
Batting: RHB César Mendoza 0-0: Fly out, F8 (Flyball, 89D, EV 88.1 MPH)
Batting: RHB Steve McKee 0-0: Ball
1-0: Ball
2-0: Ball
3-0: Base on Balls
Batting: RHB Pepe Martínez 0-0: Ball
1-0: Ball
2-0: Ball
3-0: Called Strike
3-1: Base on Balls
Steve McKee to second
Batting: RHB Leonardo Sánchez 0-0: Ball
1-0: Grounds into double play, 6-4-3 (Groundball, 6, EV 105.6 MPH)
Bottom of the 8th over - 0 runs, 0 hits, 0 errors, 1 left on base; DSL Philadelphia 7 - DSL Detroit 4
TOP OF THE 9TH
DSL Philadelphia Phillies batting - Pitching for DSL Detroit Tigers : RHP Vern Greene
Batting: LHB Jorge Elías 0-0: Foul Ball, location: 2F
0-1: Ball
1-1: Ball
2-1: Swinging Strike
2-2: Foul Ball, location: 5FF
2-2: Strikes out swinging
Batting: RHB Juan Alifonso 0-0: SOLO HOME RUN (Flyball, 9LD, EV 93.1 MPH), Distance : 336 ft
Batting: RHB Jim Unknown 0-0: Foul Ball, location: 23FF
0-1: Called Strike
0-2: Foul Ball, location: 5FF
0-2: Strikes out swinging
Batting: LHB Uolevi Jokela 0-0: Ball
1-0: Ball
2-0: Ball
3-0: Base on Balls
Pitching: LHP Enrico Olivas
Batting: RHB Andy Cartegena 0-0: Ball
1-0: Ball
2-0: Swinging Strike
2-1: Ball
3-1: Called Strike
3-2: Foul Ball, location: 2F
3-2: Strikes out looking
Top of the 9th over - 1 run, 1 hit, 0 errors, 1 left on base; DSL Philadelphia 8 - DSL Detroit 4
BOTTOM OF THE 9TH
DSL Detroit Tigers batting - Pitching for DSL Philadelphia Phillies : RHP António Márquez
Pitching: RHP Baptiste Lambertini
Batting: LHB Pat McGrath 0-0: Called Strike
0-1: Ground out 1-3 (Groundball, 13S, EV 63.1 MPH)
Batting: LHB Jerry Brewer 0-0: Called Strike
0-1: Foul Ball, location: 7LMF
0-2: Foul Ball, location: 7LDF
0-2: Ball
1-2: SOLO HOME RUN (Flyball, 7D, EV 97.5 MPH), Distance : 367 ft
Batting: LHB Juan Román 0-0: Ball
1-0: Ball
2-0: Ball
3-0: Base on Balls
Pinch Hitting: RHB António Sánchez 0-0: Called Strike
0-1: Ball
1-1: Ball
2-1: Foul Ball, location: 5SF
2-2: Foul Ball, location: 25F
2-2: Ball
3-2: 2-RUN HOME RUN (Flyball, 7D, EV 97.5 MPH), Distance : 361 ft
Batting: RHB Geoff Burton 0-0: Ball
1-0: Ball
2-0: SINGLE (Groundball, 34D, EV 103.1 MPH)
Pinch Hitting: SHB Jamal Prince 0-0: Called Strike
0-1: Ball
1-1: Foul Ball, location: 5SF
1-2: SINGLE (Flyball, 8RS, EV 94.4 MPH)
Geoff Burton to second
Pinch Hitting: RHB Jesús Arreola 0-0: Ball
1-0: Ball
2-0: Ball
3-0: Base on Balls
Geoff Burton to third
Jamal Prince to second
Batting: RHB Pepe Martínez 0-0: Fly out, F7 (Flyball, 7, EV 93.1 MPH)
Runner from 3rd tags up, OUT at HOME! 7-2
Bottom of the 9th over - 3 runs, 4 hits, 0 errors, 2 left on base; DSL Philadelphia 8 - DSL Detroit 7
Friday, May 3rd , 2024 - OOTP Baseball 24.10 Build 82